 Dungeon Crawl Stone Soup version 0.24.0-1-gfbc8707122 (console) character file.

Game seed: 1418300642988965126, levelgen mode: deterministic

356 AlterAsc the Conjurer (level 6, -5/35 HPs)
             Began as a Deep Elf Conjurer on Oct 28, 2019.
             Slain by a worker ant (8 damage)
             ... on level 4 of the Dungeon.
             The game lasted 00:14:38 (2955 turns).

AlterAsc the Conjurer (Deep Elf Conjurer)           Turns: 2955, Time: 00:14:39

Health: -5/35      AC:  3    Str:  5    XL:     6   Next: 36%
Magic:  4/16       EV: 14    Int: 22    God:
Gold:   182        SH:  0    Dex: 15    Spells: 8/15 levels left

rFire    . . .     SeeInvis .   o - +1 dagger (venom)
rCold    . . .     Gourm    .   (no shield)
rNeg     . . .     Faith    .   a - +0 robe
rPois    .         Spirit   .   (no helmet)
rElec    .         Reflect  .   l - scarf {repulsion}
rCorr    .         Harm     .   (no gloves)
MR       +....                  (no boots)
Stlth    ++........             (no amulet)
HPRegen  0.11/turn              (no ring)
MPRegen  0.15/turn              (no ring)

@: lethally poisoned (-5 -> -12), hasted, repel missiles, very quick
A: blink, magic resistance 1, shaggy fur 1, evolution 1
a: Blink


You were on level 4 of the Dungeon.
You were not hungry.

You visited 1 branch of the dungeon, and saw 4 of its levels.

You collected 182 gold pieces.

Inventory:

Hand Weapons
 o - a +1 dagger of venom (weapon)
Armour
 a - a +0 robe (worn)
 l - a scarf of repulsion (worn)
Scrolls
 e - 9 scrolls of remove curse {unknown}
 f - 4 scrolls of teleportation {unknown}
 h - a scroll of immolation {unknown}
 i - a scroll of fear {unknown}
Potions
 b - a potion of mutation
 d - a potion of haste
 g - a potion of flight {unknown}
 j - a potion of magic {unknown}
 k - 2 potions of curing {unknown}
 m - a potion of lignification {unknown}
 n - a potion of heal wounds {unknown}
Comestibles
 c - 7 rations
 p - 4 chunks of flesh


   Skills:
 + Level 2.1 Fighting
 + Level 4.3 Dodging
 - Level 3.0 Stealth
 * Level 5.3 Spellcasting
 * Level 5.8 Conjurations


You had 8 spell levels left.
You knew the following spells:

 Your Spells              Type           Power        Failure   Level  Hunger
a - Magic Dart            Conj           ####         1%          1    None
b - Searing Ray           Conj           ####..       1%          2    None
c - Iskenderun's Mystic   Conj           ####....     9%          4    ####...

Your spell library contained the following spells:

 Spells                   Type           Power        Failure   Level  Hunger
 Dazzling Spray           Conj/Hex       ###...       9%          3    ##.....
 Corona                   Hex            #......      10%         1    None
 Ensorcelled Hibernation  Hex/Ice        #.....       14%         2    None
 Confuse                  Hex            #.......     28%         3    ##.....
 Tukima's Dance           Hex            #.......     28%         3    ##.....
 Force Lance              Conj/Tloc      ###.....     30%         4    ####...
 Fulminant Prism          Conj/Hex       ###.......   30%         4    ####...


Dungeon Overview and Level Annotations

Branches:
Dungeon (4/15)
 Temple: D:4-7

Altars:


Innate Abilities, Weirdness & Mutations

You can translocate small distances at will.
You are resistant to hostile enchantments. (MR+)
You are covered in fur. (AC +1)
You evolve.


Message History

You feel sick. The worker ant barely misses you.
You feel sick. The worker ant closely misses you. The worker ant bites you.
* * * LOW HITPOINT WARNING * * *
You are lethally poisoned!
The worker ant poisons you!
It was a potion of mutation.
You feel extremely strange.
You feel resistant to hostile enchantments.
You feel jittery.
You feel nature experimenting on you.
Don't worry, failures die fast.
Fur sprouts all over your body.
* * * LOW HITPOINT WARNING * * *
You feel sick.
The worker ant bites you but does no damage.
It was a potion of haste.
You feel yourself speed up.
* * * LOW HITPOINT WARNING * * *
You feel sick. The worker ant bites you!
You die...

#.#####.##.........# ##.
........##.........# #.
#........)).###############
.##########.##.)...........
..g.gg.<#.#†##.############
#####...#†##.#
#....)#)#.##.#
.....#..#)#a##.# ###.
#[.#.@..#.# .. #).######.#
## #.........# #.#########
#.# #.. ###


You could see a worker ant.

Vanquished Creatures
  2 orc wizards (D:4)
  A gnoll shaman (D:4)
  2 worker ants (D:4)
  7 gnolls (D:4)
  7 adders
  A worm (D:2)
  6 dart slugs
  2 leopard geckos
  4 orcs
  2 giant cockroaches
  12 goblins
  8 hobgoblins
  2 jackals (D:1)
  7 kobolds
  13 bats
  A frilled lizard (D:1)
  3 rats
80 creatures vanquished.

Notes
Turn   | Place    | Note
-------+----------+-------------------------------------------
     0 | D:1      | AlterAsc the Deep Elf Conjurer began the quest for the Orb.
     0 | D:1      | Reached XP level 1. HP: 10/10 MP: 6/6
    94 | D:1      | Reached XP level 2. HP: 5/15 MP: 0/8
   956 | D:2      | Reached XP level 3. HP: 20/20 MP: 0/10
  1063 | D:2      | Learned a level 2 spell: Searing Ray
  1151 | D:2      | Reached skill level 1 in Fighting
  1248 | D:2      | Reached XP level 4. HP: 25/25 MP: 9/11
  1354 | D:2      | Reached skill level 5 in Conjurations
  2107 | D:3      | Found a faded altar of an unknown god.
  2229 | D:3      | Reached XP level 5. HP: 28/29 MP: 8/13
  2256 | D:3      | Learned a level 4 spell: Iskenderun's Mystic Blast
  2819 | D:4      | Reached skill level 5 in Spellcasting
  2819 | D:4      | Reached XP level 6. HP: 24/35 MP: 4/15
  2954 | D:4      | Gained mutation: You are resistant to hostile enchantments.
                  | (MR+) [potion of mutation]
  2954 | D:4      | Gained mutation: You can translocate small distances at
                  | will. [potion of mutation]
  2954 | D:4      | Gained mutation: You evolve. [potion of mutation]
  2954 | D:4      | Gained mutation: You are covered in fur. (AC +1) [potion of
                  | mutation]
  2955 | D:4      | Slain by a worker ant

Levels and vault maps discovered:
D:1:      minmay_arrival_open_corners, layout_basic, due_unseen_surprise
D:2:      layout_rooms
D:3:      layout_rooms, chequers_ecumenical_altar_twisty
D:4:      layout_basic, temple_green, first_ration

Skill      XL: |  1  2  3  4  5 |
---------------+----------------+-----
Stealth        | 3 |  3.0
Dodging        | 3 4 |  4.3
Fighting       | 1 2 |  2.1
Spellcasting   | 4 5 |  5.3
Conjurations   | 5 |  5.8

Action                   |  1- 3 |  4- 6 || total
-------------------------+-------+-------++-------
 Cast: Magic Dart        |    71 |    97 ||   168
       Searing Ray       |       |     6 ||     6
  Use: Potion            |       |     2 ||     2
  Eat: Chunk             |     1 |     5 ||     6
Armor: Robe              |       |     4 ||     4
Dodge: Dodged            |     9 |    25 ||    34
       Deflected         |       |     1 ||     1
